[ AOE2 MATCH · #484043775 ]
UnrankedSpanish vs Khitans
[ REPLAY ANALYSIS · EXTRACTED FROM THE RECORDED GAME ]
Feudal
13:40
Castle
17:35
Imperial
31:07
| APM avg | 26.6 |
| APM peak | 70 |
| eAPM avg | 14.6 |
| Villagers / military | 157 / 469 |
Focus
⚔️ 38.2% · 🌾 61.8%
Spearman ×324 · Militia ×129 · Conquistador ×7 · Battering Ram ×7 · Petard ×2
Feudal
11:21
Castle
14:57
Imperial
34:55
| APM avg | 38.6 |
| APM peak | 73 |
| eAPM avg | 27.5 |
| Villagers / military | 157 / 452 |
Focus
⚔️ 50.3% · 🌾 49.7%
Spearman ×316 · Cavalry Archer ×57 · Scout Cavalry ×38 · Tarkan ×31 · Battering Ram ×10
Feudal
10:39
Castle
14:47
Imperial
38:36
| APM avg | 43.6 |
| APM peak | 119 |
| eAPM avg | 22.8 |
| Villagers / military | 221 / 77 |
Focus
⚔️ 32.5% · 🌾 67.5%
Unknown (1920) ×75 · Steppe Lancer ×47 · Scout Cavalry ×27 · Trade Cart ×6 · Iron Pagoda ×2 · Unknown (1923) ×2
Feudal
10:41
Castle
16:54
Imperial
30:27
| APM avg | 27.2 |
| APM peak | 76 |
| eAPM avg | 19.2 |
| Villagers / military | 136 / 401 |
Focus
⚔️ 45.8% · 🌾 54.2%
Knight ×262 · Scout Cavalry ×111 · Spearman ×19 · Bombard Cannon ×5 · Trebuchet (Packed) ×3 · Monk ×1
Feudal
11:02
Castle
15:15
Imperial
30:09
| APM avg | 27.8 |
| APM peak | 64 |
| eAPM avg | 19.1 |
| Villagers / military | 142 / 309 |
Focus
⚔️ 43.5% · 🌾 56.5%
Spearman ×182 · Archer ×93 · Skirmisher ×18 · Trebuchet (Packed) ×9 · Longbowman ×7 · Trade Cart ×6
Feudal
10:31
Castle
14:06
Imperial
33:38
| APM avg | 31.5 |
| APM peak | 69 |
| eAPM avg | 18.9 |
| Villagers / military | 153 / 356 |
Focus
⚔️ 43.7% · 🌾 56.3%
Knight ×205 · Leitis ×98 · Skirmisher ×25 · Battering Ram ×14 · Monk ×6 · Trade Cart ×5
Feudal
11:39
Castle
15:23
Imperial
40:50
| APM avg | 24.6 |
| APM peak | 42 |
| eAPM avg | 17.3 |
| Villagers / military | 177 / 348 |
Focus
⚔️ 30.8% · 🌾 69.2%
Scout Cavalry ×214 · Skirmisher ×35 · Camel Scout ×35 · Hand Cannoneer ×26 · Bombard Cannon ×17 · Janissary ×11
Feudal
10:03
Castle
16:31
Imperial
38:41
| APM avg | 26.7 |
| APM peak | 48 |
| eAPM avg | 18.7 |
| Villagers / military | 181 / 465 |
Focus
⚔️ 42.4% · 🌾 57.6%
Spearman ×283 · Skirmisher ×80 · Archer ×49 · Cavalry Archer ×20 · Militia ×13 · Monk ×6
Match map
Initial resources + every placement click. Lines = walls · curves = elevation contours. ◆ gold · ⬟ stone · ● berries · ✦ relic · ◌ wall gap
Your base· ✓ Closed at 17:35 · 0t walls · 2 gate(s)
O12's base· ✓ Closed at 14:57 · 0t walls · 2 gate(s)
Wintergaming's base· ✓ Closed at 14:47 · 0t walls · 3 gate(s)
kiddingfff's base· ✓ Closed at 16:54 · 0t walls · 3 gate(s)
mattestin's base· ✓ Closed at 15:15 · 0t walls · 3 gate(s)
BIG POPPA's base· ✓ Closed at 14:06 · 0t walls · 2 gate(s)
7777777's base· ✓ Closed at 15:23 · 0t walls · 3 gate(s)
a506b8123il's base· ✓ Closed at 16:31 · 3t walls · 3 gate(s)
Smoothed initial terrain · ◌ = detected wall gap · hover for details
Inputs per minute
— 墨o逍遙 - - O12
Build order — 墨o逍遙
First 150 of 452 actions detected
| 0:04 | Build | House |
| 0:06 | Build | House |
| 0:10 | Create | Villager (Male) ×4 |
| 1:31 | Create | Villager (Male) |
| 1:32 | Create | Villager (Male) |
| 2:14 | Create | Villager (Male) |
| 2:14 | Create | Villager (Male) |
| 2:23 | Create | Villager (Male) |
| 2:24 | Create | Villager (Male) |
| 2:24 | Create | Villager (Male) |
| 2:50 | Create | Villager (Male) |
| 2:51 | Create | Villager (Male) |
| 2:51 | Create | Villager (Male) |
| 3:11 | Create | Villager (Male) |
| 3:11 | Create | Villager (Male) |
| 3:11 | Create | Villager (Male) |
| 3:39 | Build | House |
| 3:41 | Create | Villager (Male) |
| 3:41 | Create | Villager (Male) |
| 3:41 | Create | Villager (Male) |
| 3:51 | Build | Lumber Camp |
| 4:21 | Build | Mill |
| 4:23 | Create | Villager (Male) |
| 4:23 | Create | Villager (Male) |
| 4:43 | Create | Villager (Male) |
| 4:43 | Create | Villager (Male) |
| 4:43 | Create | Villager (Male) |
| 4:55 | Build | House |
| 5:16 | Create | Villager (Male) |
| 5:17 | Create | Villager (Male) |
| 5:17 | Create | Villager (Male) |
| 5:21 | Build | House |
| 5:49 | Build | House |
| 5:56 | Create | Villager (Male) |
| 5:57 | Create | Villager (Male) |
| 5:57 | Create | Villager (Male) |
| 6:37 | Create | Villager (Male) |
| 7:44 | Create | Villager (Male) |
| 7:47 | Create | Villager (Male) |
| 8:25 | Create | Villager (Male) |
| 8:38 | Create | Villager (Male) |
| 9:10 | Create | Villager (Male) |
| 9:37 | Create | Villager (Male) |
| 10:40 | Create | Villager (Male) |
| 10:40 | Create | Villager (Male) |
| 10:53 | Build | Mining Camp |
| 10:57 | Create | Villager (Male) |
| 11:13 | Research | Feudal Age |
| 11:25 | Build | Farm |
| 11:28 | Build | Farm |
| 11:33 | Build | Farm |
| 11:37 | Build | Farm |
| 11:47 | Build | Farm |
| 11:51 | Build | Farm |
| 12:24 | Build | Mining Camp |
| 12:33 | Build | Mining Camp |
| 12:40 | Create | Villager (Male) |
| 12:41 | Create | Villager (Male) |
| 12:56 | Build | House |
| 13:40 | Age | Feudal Age |
| 13:47 | Build | Market |
| 13:52 | Create | Villager (Male) |
| 13:55 | Build | Blacksmith |
| 13:57 | Build | House |
| 13:58 | Build | House |
| 14:13 | Build | Farm |
| 14:18 | Research | Double-Bit Axe |
| 14:38 | Research | Castle Age |
| 15:02 | Research | Double-Bit Axe |
| 15:05 | Research | Horse Collar |
| 15:05 | Research | Horse Collar |
| 15:05 | Research | Horse Collar |
| 15:34 | Build | House |
| 15:36 | Build | House |
| 15:51 | Build | Farm |
| 15:53 | Build | Farm |
| 15:54 | Build | Farm |
| 16:01 | Research | Loom |
| 16:03 | Create | Villager (Male) |
| 16:03 | Create | Villager (Male) |
| 16:22 | Build | Outpost |
| 17:30 | Build | Outpost |
| 17:35 | Age | Castle Age |
| 17:50 | Create | Villager (Male) |
| 17:51 | Create | Villager (Male) |
| 18:40 | Build | Town Center |
| 18:50 | Create | Villager (Male) |
| 18:51 | Create | Villager (Male) |
| 19:16 | Build | Castle |
| 19:18 | Build | Mining Camp |
| 19:21 | Create | Villager (Male) |
| 19:27 | Research | Bow Saw |
| 19:31 | Research | Heavy Plow |
| 19:35 | Build | Farm |
| 19:38 | Build | Farm |
| 19:41 | Create | Villager (Male) |
| 19:41 | Create | Villager (Male) |
| 19:44 | Create | Villager (Male) |
| 19:48 | Build | Farm |
| 19:50 | Build | Farm |
| 19:57 | Create | Villager (Male) |
| 19:59 | Create | Villager (Male) |
| 20:12 | Build | House |
| 20:15 | Build | House |
| 20:17 | Build | Farm |
| 20:19 | Build | Farm |
| 20:24 | Build | Farm |
| 20:44 | Create | Conquistador |
| 20:44 | Create | Conquistador |
| 20:47 | Create | Petard |
| 20:51 | Create | Villager (Male) |
| 20:55 | Create | Villager (Male) |
| 21:02 | Build | House |
| 21:05 | Build | Farm |
| 21:11 | Create | Villager (Male) |
| 21:13 | Create | Villager (Male) |
| 21:16 | Build | Farm |
| 21:19 | Create | Villager (Male) |
| 21:30 | Create | Conquistador |
| 21:35 | Create | Villager (Male) |
| 21:38 | Build | Farm |
| 21:47 | Create | Villager (Male) |
| 21:53 | Create | Villager (Male) |
| 21:53 | Create | Villager (Male) |
| 22:05 | Create | Conquistador |
| 22:16 | Create | Conquistador |
| 22:34 | Create | Petard |
| 22:37 | Create | Villager (Male) |
| 22:37 | Create | Villager (Male) |
| 22:58 | Create | Conquistador |
| 22:59 | Create | Conquistador |
| 23:07 | Create | Villager (Male) |
| 23:08 | Create | Villager (Male) |
| 23:10 | Build | Farm |
| 23:11 | Build | Farm |
| 23:11 | Build | Farm |
| 23:12 | Build | Farm |
| 23:12 | Build | Farm |
| 23:12 | Build | Farm |
| 23:15 | Build | Farm |
| 23:15 | Build | Farm |
| 23:15 | Build | Farm |
| 23:16 | Build | Farm |
| 23:16 | Build | Farm |
| 23:23 | Create | Villager (Male) |
| 23:28 | Create | Villager (Male) |
| 23:29 | Create | Villager (Male) |
| 24:36 | Research | Wheelbarrow |
| 24:42 | Build | Farm |
| 25:03 | Build | Siege Workshop |
Build order — O12
First 150 of 758 actions detected
| 0:01 | Create | Villager (Male) |
| 0:01 | Create | Villager (Male) |
| 0:02 | Create | Villager (Male) |
| 0:07 | Create | Villager (Male) |
| 1:22 | Create | Villager (Male) |
| 1:58 | Create | Villager (Male) |
| 2:04 | Build | Lumber Camp |
| 2:14 | Create | Villager (Male) |
| 2:49 | Create | Villager (Male) |
| 2:49 | Create | Villager (Male) |
| 2:57 | Create | Villager (Male) |
| 3:14 | Create | Villager (Male) |
| 4:07 | Create | Villager (Male) |
| 4:08 | Create | Villager (Male) |
| 4:08 | Create | Villager (Male) |
| 4:24 | Create | Villager (Male) |
| 4:30 | Create | Villager (Male) |
| 5:18 | Create | Villager (Male) |
| 5:19 | Build | Mill |
| 5:20 | Create | Villager (Male) |
| 5:20 | Create | Villager (Male) |
| 6:00 | Create | Villager (Male) |
| 6:19 | Create | Villager (Male) |
| 6:25 | Build | Farm |
| 6:25 | Build | Farm |
| 6:25 | Build | Farm |
| 6:32 | Create | Villager (Male) |
| 6:37 | Create | Villager (Male) |
| 7:18 | Create | Villager (Male) |
| 7:38 | Build | Mining Camp |
| 7:50 | Create | Villager (Male) |
| 8:23 | Build | Mining Camp |
| 8:36 | Research | Feudal Age |
| 9:35 | Create | Villager (Male) |
| 9:35 | Create | Villager (Male) |
| 11:21 | Age | Feudal Age |
| 11:25 | Build | Market |
| 11:30 | Build | Blacksmith |
| 12:17 | Research | Castle Age |
| 12:17 | Research | Castle Age |
| 12:59 | Research | Double-Bit Axe |
| 12:59 | Research | Double-Bit Axe |
| 13:14 | Build | Farm |
| 13:14 | Build | Farm |
| 13:22 | Create | Villager (Male) |
| 13:24 | Build | Farm |
| 13:48 | Create | Villager (Male) |
| 13:52 | Build | Farm |
| 13:56 | Build | Farm |
| 13:56 | Build | Farm |
| 14:27 | Research | Horse Collar |
| 14:27 | Research | Horse Collar |
| 14:57 | Age | Castle Age |
| 15:07 | Build | Castle |
| 15:11 | Research | Bow Saw |
| 15:28 | Create | Villager (Male) |
| 15:32 | Build | Farm |
| 16:12 | Build | Farm |
| 16:14 | Build | Farm |
| 16:15 | Create | Villager (Male) |
| 16:21 | Build | Farm |
| 16:45 | Create | Villager (Male) |
| 16:47 | Build | Farm |
| 16:50 | Create | Tarkan |
| 16:50 | Create | Tarkan |
| 16:50 | Create | Tarkan |
| 17:03 | Build | Farm |
| 17:10 | Build | Farm |
| 17:12 | Create | Villager (Male) |
| 17:18 | Research | Gold Mining |
| 17:34 | Create | Villager (Male) |
| 17:36 | Build | Farm |
| 17:46 | Create | Villager (Male) |
| 17:49 | Build | Farm |
| 17:53 | Create | Villager (Male) |
| 18:08 | Create | Tarkan |
| 18:15 | Build | Farm |
| 18:29 | Build | Farm |
| 18:30 | Build | Farm |
| 18:40 | Research | Wheelbarrow |
| 18:40 | Research | Wheelbarrow |
| 18:53 | Create | Tarkan |
| 19:15 | Create | Villager (Male) |
| 19:18 | Build | Farm |
| 19:18 | Create | Villager (Male) |
| 19:19 | Build | Farm |
| 19:22 | Create | Villager (Male) |
| 19:31 | Research | Scale Barding Armor |
| 19:32 | Research | Scale Barding Armor |
| 19:33 | Create | Villager (Male) |
| 19:35 | Build | Barracks |
| 19:39 | Create | Villager (Male) |
| 20:04 | Create | Villager (Male) |
| 20:09 | Research | Forging |
| 20:11 | Create | Tarkan |
| 20:12 | Create | Tarkan |
| 20:29 | Create | Tarkan |
| 20:38 | Build | Stable |
| 20:39 | Create | Villager (Male) |
| 20:44 | Build | Farm |
| 20:47 | Create | Tarkan |
| 20:48 | Create | Tarkan |
| 20:52 | Create | Tarkan |
| 21:16 | Create | Villager (Male) |
| 21:17 | Build | Farm |
| 21:35 | Research | Bloodlines |
| 21:42 | Create | Tarkan |
| 21:42 | Create | Tarkan |
| 21:54 | Build | Farm |
| 21:54 | Create | Tarkan |
| 21:55 | Create | Tarkan |
| 22:03 | Create | Villager (Male) |
| 22:04 | Create | Villager (Male) |
| 22:09 | Create | Villager (Male) |
| 22:34 | Research | Chain Barding Armor |
| 22:34 | Research | Chain Barding Armor |
| 22:35 | Create | Villager (Male) |
| 22:38 | Build | Farm |
| 22:38 | Build | Farm |
| 22:38 | Build | Farm |
| 22:40 | Create | Tarkan |
| 22:40 | Create | Tarkan |
| 22:52 | Create | Villager (Male) |
| 22:54 | Build | Farm |
| 23:04 | Research | Husbandry |
| 23:04 | Research | Husbandry |
| 23:07 | Build | Farm |
| 23:12 | Build | Farm |
| 23:13 | Create | Villager (Male) |
| 23:28 | Build | Farm |
| 23:30 | Create | Villager (Male) |
| 23:32 | Create | Tarkan |
| 23:32 | Create | Tarkan |
| 23:36 | Create | Tarkan |
| 23:58 | Create | Tarkan |
| 24:05 | Build | Farm |
| 24:15 | Create | Villager (Male) |
| 24:16 | Create | Villager (Male) |
| 24:31 | Create | Tarkan |
| 24:31 | Create | Tarkan |
| 24:49 | Create | Villager (Male) |
| 24:53 | Research | Gold Shaft Mining |
| 24:54 | Create | Tarkan |
| 25:15 | Create | Tarkan |
| 25:15 | Create | Tarkan |
| 25:34 | Build | Farm |
| 25:35 | Create | Villager (Male) |
| 25:49 | Create | Tarkan |
| 25:49 | Create | Tarkan |
| 26:07 | Create | Tarkan |
Build order — Wintergaming
First 150 of 573 actions detected
| 0:02 | Create | Villager (Male) |
| 0:02 | Create | Villager (Male) |
| 0:03 | Build | House |
| 0:04 | Build | House |
| 0:40 | Create | Villager (Male) |
| 0:58 | Create | Villager (Male) |
| 1:27 | Create | Villager (Male) |
| 1:46 | Build | Lumber Camp |
| 2:00 | Create | Villager (Male) |
| 2:27 | Create | Villager (Male) |
| 2:46 | Create | Villager (Male) |
| 3:07 | Create | Villager (Male) |
| 3:37 | Create | Villager (Male) |
| 3:53 | Build | House |
| 3:54 | Build | House |
| 4:02 | Create | Villager (Male) |
| 4:24 | Create | Villager (Male) |
| 4:38 | Build | Mill |
| 5:20 | Create | Villager (Male) |
| 5:43 | Create | Villager (Male) |
| 6:20 | Create | Villager (Male) |
| 6:23 | Create | Villager (Male) |
| 7:02 | Create | Villager (Male) |
| 7:16 | Create | Villager (Male) |
| 7:50 | Create | Villager (Male) |
| 8:23 | Build | Mining Camp |
| 8:29 | Research | Feudal Age |
| 8:47 | Create | Villager (Male) |
| 8:48 | Create | Villager (Male) |
| 9:17 | Create | Villager (Male) |
| 9:54 | Build | Pasture |
| 10:39 | Age | Feudal Age |
| 10:44 | Build | Blacksmith |
| 10:47 | Build | Market |
| 11:12 | Build | House |
| 11:13 | Build | House |
| 12:07 | Research | Castle Age |
| 12:28 | Research | Tech 1014 |
| 13:03 | Research | Double-Bit Axe |
| 13:03 | Research | Double-Bit Axe |
| 13:11 | Build | Pasture |
| 13:15 | Build | Pasture |
| 14:40 | Create | Villager (Male) |
| 14:41 | Create | Villager (Male) |
| 14:47 | Age | Castle Age |
| 14:51 | Build | Town Center |
| 14:57 | Create | Villager (Male) |
| 15:19 | Create | Villager (Male) |
| 15:27 | Create | Villager (Male) |
| 16:02 | Build | Town Center |
| 16:11 | Create | Villager (Male) |
| 16:25 | Create | Villager (Male) |
| 16:30 | Create | Villager (Male) |
| 16:34 | Research | Bow Saw |
| 16:34 | Research | Bow Saw |
| 16:48 | Create | Villager (Male) |
| 17:06 | Create | Villager (Male) |
| 17:22 | Create | Villager (Male) |
| 17:28 | Build | Barracks |
| 17:42 | Build | Barracks |
| 17:46 | Create | Villager (Male) |
| 17:50 | Create | Villager (Male) |
| 17:50 | Create | Villager (Male) |
| 17:53 | Create | Villager (Male) |
| 18:04 | Build | Pasture |
| 18:05 | Create | Villager (Male) |
| 18:10 | Build | Pasture |
| 18:22 | Create | Villager (Male) |
| 18:44 | Create | Villager (Male) |
| 18:49 | Build | Pasture |
| 18:55 | Build | Pasture |
| 18:57 | Create | Villager (Male) |
| 19:02 | Build | Pasture |
| 19:08 | Build | Mining Camp |
| 19:16 | Build | House |
| 19:19 | Build | House |
| 19:19 | Build | House |
| 19:20 | Create | Villager (Male) |
| 19:23 | Build | House |
| 19:26 | Create | Villager (Male) |
| 19:29 | Build | House |
| 19:30 | Build | House |
| 19:31 | Create | Villager (Male) |
| 19:38 | Build | Siege Workshop |
| 19:39 | Create | Villager (Male) |
| 19:46 | Create | Villager (Male) |
| 20:01 | Build | House |
| 20:05 | Build | House |
| 20:09 | Create | Villager (Male) |
| 20:22 | Build | Outpost |
| 20:23 | Create | Villager (Male) |
| 20:27 | Create | Villager (Male) |
| 20:27 | Create | Villager (Male) |
| 20:30 | Create | Iron Pagoda |
| 20:36 | Create | Villager (Male) |
| 20:42 | Build | Stable |
| 21:02 | Build | Palisade Wall |
| 21:34 | Create | Villager (Male) |
| 21:48 | Create | Villager (Male) |
| 21:51 | Create | Villager (Male) |
| 21:53 | Create | Iron Pagoda |
| 21:55 | Create | Villager (Male) |
| 21:57 | Create | Villager (Male) |
| 22:03 | Create | Scout Cavalry |
| 22:04 | Create | Villager (Male) |
| 22:09 | Research | Forging |
| 22:20 | Create | Villager (Male) |
| 22:24 | Create | Villager (Male) |
| 22:28 | Build | Pasture |
| 22:28 | Build | Pasture |
| 22:28 | Build | Pasture |
| 22:28 | Build | Pasture |
| 22:30 | Build | Pasture |
| 22:34 | Create | Villager (Male) |
| 22:41 | Create | Villager (Male) |
| 22:48 | Create | Villager (Male) |
| 23:07 | Research | Tech 1013 |
| 23:10 | Create | Villager (Male) |
| 23:14 | Build | Pasture |
| 23:14 | Build | Pasture |
| 23:15 | Build | Pasture |
| 23:22 | Create | Villager (Male) |
| 23:37 | Create | Villager (Male) |
| 23:40 | Build | Stable |
| 23:41 | Build | Stable |
| 23:41 | Build | Stable |
| 24:00 | Create | Villager (Male) |
| 24:11 | Create | Villager (Male) |
| 24:34 | Create | Steppe Lancer |
| 24:34 | Create | Steppe Lancer |
| 24:34 | Create | Steppe Lancer |
| 24:38 | Create | Villager (Male) |
| 24:43 | Create | Steppe Lancer |
| 24:43 | Create | Steppe Lancer |
| 24:53 | Build | Stable |
| 24:55 | Create | Villager (Male) |
| 25:04 | Create | Villager (Male) |
| 25:04 | Create | Villager (Male) |
| 25:07 | Research | Fletching |
| 25:25 | Create | Steppe Lancer |
| 25:52 | Create | Steppe Lancer |
| 25:53 | Create | Steppe Lancer |
| 25:54 | Create | Villager (Male) |
| 25:54 | Create | Villager (Male) |
| 26:00 | Create | Villager (Male) |
| 26:00 | Create | Villager (Male) |
| 26:13 | Create | Villager (Male) |
| 26:14 | Create | Villager (Male) |
| 26:25 | Create | Villager (Male) |
| 26:47 | Create | Spearman |
Build order — kiddingfff
First 150 of 627 actions detected
| 0:02 | Create | Villager (Male) |
| 0:02 | Create | Villager (Male) |
| 0:02 | Create | Villager (Male) |
| 0:03 | Create | Villager (Male) |
| 0:04 | Build | House |
| 0:09 | Build | House |
| 1:37 | Create | Villager (Male) |
| 1:38 | Create | Villager (Male) |
| 1:38 | Create | Villager (Male) |
| 1:58 | Create | Villager (Male) |
| 1:59 | Create | Villager (Male) |
| 1:59 | Create | Villager (Male) |
| 2:19 | Create | Villager (Male) |
| 2:19 | Create | Villager (Male) |
| 2:19 | Create | Villager (Male) |
| 3:35 | Create | Villager (Male) |
| 3:35 | Create | Villager (Male) |
| 3:35 | Create | Villager (Male) |
| 3:35 | Create | Villager (Male) |
| 3:55 | Build | Lumber Camp |
| 4:05 | Build | Lumber Camp |
| 4:23 | Create | Villager (Male) |
| 4:23 | Create | Villager (Male) |
| 4:24 | Create | Villager (Male) |
| 4:24 | Create | Villager (Male) |
| 4:31 | Build | House |
| 4:32 | Build | House |
| 5:51 | Create | Villager (Male) |
| 5:52 | Create | Villager (Male) |
| 5:53 | Create | Villager (Male) |
| 5:53 | Create | Villager (Male) |
| 5:53 | Create | Villager (Male) |
| 6:01 | Build | Mill |
| 6:34 | Create | Villager (Male) |
| 7:27 | Create | Villager (Male) |
| 7:54 | Create | Villager (Male) |
| 8:31 | Research | Feudal Age |
| 8:31 | Research | Feudal Age |
| 8:31 | Research | Feudal Age |
| 9:34 | Build | Mining Camp |
| 10:24 | Create | Villager (Male) |
| 10:41 | Age | Feudal Age |
| 10:45 | Create | Villager (Male) |
| 10:57 | Research | Horse Collar |
| 10:58 | Research | Double-Bit Axe |
| 11:25 | Build | Farm |
| 11:35 | Build | Farm |
| 12:02 | Create | Villager (Male) |
| 12:03 | Create | Villager (Male) |
| 12:26 | Build | Farm |
| 12:26 | Build | Farm |
| 12:27 | Build | Farm |
| 12:36 | Create | Villager (Male) |
| 12:45 | Build | Farm |
| 12:45 | Build | Farm |
| 13:25 | Build | Market |
| 13:34 | Build | Blacksmith |
| 13:41 | Create | Villager (Male) |
| 14:14 | Research | Castle Age |
| 14:14 | Research | Castle Age |
| 14:47 | Build | House |
| 14:49 | Build | House |
| 14:50 | Build | House |
| 16:17 | Research | Stone Mining |
| 16:18 | Research | Gold Mining |
| 16:54 | Age | Castle Age |
| 16:59 | Build | Town Center |
| 17:02 | Create | Villager (Male) |
| 17:15 | Create | Villager (Male) |
| 17:23 | Build | Town Center |
| 17:27 | Research | Bow Saw |
| 17:30 | Create | Villager (Male) |
| 17:32 | Build | Farm |
| 17:40 | Build | Monastery |
| 17:57 | Research | Heavy Plow |
| 17:58 | Research | Heavy Plow |
| 18:11 | Create | Villager (Male) |
| 18:25 | Create | Villager (Male) |
| 18:47 | Create | Villager (Male) |
| 18:52 | Create | Villager (Male) |
| 18:52 | Create | Villager (Male) |
| 19:02 | Build | Mill |
| 19:04 | Build | Farm |
| 19:05 | Build | Farm |
| 19:05 | Build | Farm |
| 19:11 | Create | Villager (Male) |
| 19:11 | Create | Villager (Male) |
| 19:28 | Create | Villager (Male) |
| 19:29 | Create | Villager (Male) |
| 19:33 | Build | Farm |
| 19:33 | Build | Farm |
| 19:40 | Create | Villager (Male) |
| 19:41 | Create | Monk |
| 19:50 | Build | Farm |
| 20:14 | Build | Mill |
| 20:15 | Build | Farm |
| 20:16 | Build | Farm |
| 20:16 | Build | Farm |
| 20:16 | Build | Farm |
| 20:17 | Build | Farm |
| 20:17 | Build | Farm |
| 20:17 | Build | Farm |
| 20:18 | Build | Farm |
| 20:20 | Create | Villager (Male) |
| 20:22 | Create | Villager (Male) |
| 20:24 | Create | Villager (Male) |
| 20:24 | Create | Villager (Male) |
| 20:33 | Build | Farm |
| 20:33 | Build | Farm |
| 20:34 | Build | Farm |
| 20:36 | Create | Villager (Male) |
| 20:38 | Create | Villager (Male) |
| 20:40 | Create | Villager (Male) |
| 20:43 | Create | Villager (Male) |
| 20:44 | Create | Villager (Male) |
| 21:08 | Create | Villager (Male) |
| 21:12 | Build | Farm |
| 21:17 | Create | Villager (Male) |
| 21:18 | Create | Villager (Male) |
| 21:18 | Create | Villager (Male) |
| 21:22 | Build | House |
| 21:24 | Build | House |
| 21:25 | Build | House |
| 21:25 | Build | House |
| 21:26 | Build | House |
| 21:28 | Build | House |
| 21:33 | Create | Villager (Male) |
| 21:35 | Create | Villager (Male) |
| 21:35 | Create | Villager (Male) |
| 21:36 | Create | Villager (Male) |
| 21:42 | Build | Mining Camp |
| 21:55 | Create | Villager (Male) |
| 21:55 | Create | Villager (Male) |
| 22:10 | Create | Villager (Male) |
| 22:10 | Create | Villager (Male) |
| 22:12 | Create | Villager (Male) |
| 22:32 | Create | Villager (Male) |
| 22:33 | Create | Villager (Male) |
| 22:33 | Create | Villager (Male) |
| 22:37 | Build | Mill |
| 22:38 | Build | Farm |
| 22:39 | Build | Farm |
| 22:39 | Build | Farm |
| 22:39 | Build | Farm |
| 22:39 | Build | Farm |
| 22:40 | Build | Farm |
| 22:41 | Build | Farm |
| 22:42 | Build | Farm |
| 23:16 | Create | Villager (Male) |
| 23:17 | Create | Villager (Male) |
Build order — mattestin
First 150 of 629 actions detected
| 0:03 | Create | Villager (Male) |
| 0:03 | Create | Villager (Male) |
| 0:08 | Build | House |
| 0:10 | Build | House |
| 0:30 | Research | Loom |
| 0:39 | Create | Villager (Male) |
| 1:09 | Build | House |
| 1:17 | Create | Villager (Male) |
| 1:31 | Build | House |
| 1:35 | Build | House |
| 1:38 | Create | Villager (Male) |
| 2:10 | Create | Villager (Male) |
| 2:11 | Create | Villager (Male) |
| 2:36 | Create | Villager (Male) |
| 3:00 | Build | Mill |
| 3:18 | Create | Villager (Male) |
| 3:35 | Create | Villager (Male) |
| 4:00 | Create | Villager (Male) |
| 4:01 | Create | Villager (Male) |
| 4:38 | Create | Villager (Male) |
| 4:43 | Create | Villager (Male) |
| 5:17 | Build | Lumber Camp |
| 5:57 | Create | Villager (Male) |
| 6:08 | Create | Villager (Male) |
| 6:35 | Create | Villager (Male) |
| 6:35 | Create | Villager (Male) |
| 6:58 | Create | Villager (Male) |
| 7:18 | Create | Villager (Male) |
| 7:53 | Create | Villager (Male) |
| 8:09 | Build | Mining Camp |
| 8:40 | Research | Feudal Age |
| 11:02 | Age | Feudal Age |
| 11:04 | Build | Blacksmith |
| 11:04 | Create | Villager (Male) |
| 11:16 | Build | Market |
| 11:39 | Create | Villager (Male) |
| 12:35 | Research | Castle Age |
| 12:35 | Research | Castle Age |
| 13:06 | Research | Double-Bit Axe |
| 13:28 | Research | Horse Collar |
| 13:55 | Build | Farm |
| 13:55 | Build | Farm |
| 13:57 | Build | Farm |
| 13:58 | Build | Farm |
| 14:00 | Build | Farm |
| 14:01 | Build | Farm |
| 14:03 | Build | Farm |
| 14:05 | Build | Farm |
| 14:08 | Build | Farm |
| 14:16 | Create | Villager (Male) |
| 14:24 | Build | House |
| 14:25 | Build | House |
| 15:09 | Create | Villager (Male) |
| 15:15 | Age | Castle Age |
| 15:15 | Build | Farm |
| 15:21 | Build | Town Center |
| 15:32 | Build | House |
| 15:34 | Create | Villager (Male) |
| 15:44 | Build | Town Center |
| 16:22 | Create | Villager (Male) |
| 16:35 | Build | House |
| 16:38 | Build | House |
| 16:41 | Create | Villager (Male) |
| 16:53 | Create | Villager (Male) |
| 16:53 | Create | Villager (Male) |
| 17:25 | Create | Villager (Male) |
| 17:27 | Create | Villager (Male) |
| 17:40 | Build | House |
| 17:50 | Create | Villager (Male) |
| 17:50 | Create | Villager (Male) |
| 17:51 | Create | Villager (Male) |
| 18:17 | Build | Barracks |
| 18:18 | Create | Villager (Male) |
| 18:21 | Create | Villager (Male) |
| 18:23 | Build | Farm |
| 18:24 | Build | Farm |
| 18:26 | Build | Farm |
| 18:37 | Create | Villager (Male) |
| 18:48 | Create | Villager (Male) |
| 18:54 | Build | Farm |
| 18:55 | Build | Farm |
| 18:56 | Build | Farm |
| 19:00 | Create | Villager (Male) |
| 19:03 | Create | Villager (Male) |
| 19:08 | Build | Farm |
| 19:10 | Build | Farm |
| 19:14 | Create | Villager (Male) |
| 19:25 | Build | Archery Range |
| 19:37 | Create | Spearman |
| 19:50 | Create | Villager (Male) |
| 19:51 | Create | Villager (Male) |
| 20:12 | Build | Stone Wall |
| 20:17 | Build | Stone Wall |
| 20:28 | Build | Stone Wall |
| 20:35 | Build | Stone Wall |
| 20:38 | Build | Stone Wall |
| 20:39 | Build | Stone Wall |
| 20:40 | Build | Stone Wall |
| 20:42 | Build | Stone Wall |
| 20:42 | Build | Stone Wall |
| 20:44 | Build | Stone Wall |
| 20:54 | Build | Archery Range |
| 21:00 | Build | Archery Range |
| 21:03 | Build | University |
| 21:04 | Create | Villager (Male) |
| 21:04 | Create | Villager (Male) |
| 21:05 | Create | Villager (Male) |
| 21:13 | Create | Villager (Male) |
| 21:13 | Create | Villager (Male) |
| 21:50 | Build | Stone Wall |
| 21:53 | Build | Stone Wall |
| 22:02 | Build | Archery Range |
| 22:03 | Create | Villager (Male) |
| 22:11 | Create | Skirmisher |
| 22:11 | Create | Skirmisher |
| 22:12 | Create | Skirmisher |
| 22:12 | Create | Skirmisher |
| 22:17 | Research | Elite Skirmisher (upgrade) |
| 22:17 | Research | Elite Skirmisher (upgrade) |
| 22:39 | Create | Skirmisher |
| 22:39 | Create | Skirmisher |
| 22:47 | Create | Villager (Male) |
| 22:47 | Create | Villager (Male) |
| 22:48 | Create | Villager (Male) |
| 22:48 | Create | Villager (Male) |
| 22:55 | Create | Skirmisher |
| 22:55 | Create | Skirmisher |
| 23:08 | Create | Villager (Male) |
| 23:09 | Create | Villager (Male) |
| 23:11 | Create | Villager (Male) |
| 23:19 | Research | Fletching |
| 23:35 | Research | Ballistics |
| 23:39 | Create | Skirmisher |
| 23:41 | Create | Skirmisher |
| 24:43 | Create | Skirmisher |
| 24:43 | Create | Skirmisher |
| 24:43 | Create | Skirmisher |
| 24:43 | Create | Skirmisher |
| 25:04 | Build | House |
| 25:06 | Build | House |
| 25:06 | Build | House |
| 25:07 | Build | House |
| 25:08 | Build | House |
| 25:24 | Build | Stone Wall |
| 26:04 | Build | Castle |
| 26:59 | Research | Imperial Age |
| 27:17 | Build | Farm |
| 27:19 | Build | Farm |
| 27:28 | Build | Farm |
| 27:29 | Build | Farm |
Build order — BIG POPPA
First 150 of 464 actions detected
| 0:01 | Create | Villager (Male) |
| 0:01 | Create | Villager (Male) |
| 0:02 | Build | House |
| 0:05 | Build | House |
| 0:14 | Create | Villager (Male) |
| 0:14 | Create | Villager (Male) |
| 0:14 | Create | Villager (Male) |
| 0:40 | Create | Villager (Male) |
| 0:40 | Create | Villager (Male) |
| 1:39 | Create | Villager (Male) |
| 2:05 | Build | Lumber Camp |
| 2:19 | Create | Villager (Male) |
| 2:21 | Create | Villager (Male) |
| 2:30 | Create | Villager (Male) |
| 3:16 | Create | Villager (Male) |
| 3:16 | Create | Villager (Male) |
| 3:49 | Build | House |
| 3:50 | Build | House |
| 3:59 | Create | Villager (Male) |
| 3:59 | Create | Villager (Male) |
| 4:00 | Create | Villager (Male) |
| 4:13 | Create | Villager (Male) |
| 4:14 | Create | Villager (Male) |
| 4:17 | Build | Mill |
| 4:37 | Create | Villager (Male) |
| 4:37 | Create | Villager (Male) |
| 5:08 | Create | Villager (Male) |
| 5:24 | Create | Villager (Male) |
| 5:25 | Create | Villager (Male) |
| 5:56 | Build | Farm |
| 6:04 | Create | Villager (Male) |
| 6:18 | Build | Farm |
| 6:46 | Create | Villager (Male) |
| 6:50 | Build | House |
| 6:59 | Create | Villager (Male) |
| 7:31 | Create | Villager (Male) |
| 7:41 | Create | Villager (Male) |
| 7:59 | Build | Mining Camp |
| 8:03 | Research | Feudal Age |
| 8:58 | Create | Villager (Male) |
| 8:59 | Create | Villager (Male) |
| 9:19 | Build | Barracks |
| 10:31 | Age | Feudal Age |
| 10:36 | Build | Market |
| 10:44 | Build | Blacksmith |
| 11:26 | Research | Castle Age |
| 11:26 | Research | Castle Age |
| 11:33 | Create | Spearman |
| 11:34 | Create | Spearman |
| 12:08 | Research | Double-Bit Axe |
| 12:25 | Create | Villager (Male) |
| 13:10 | Create | Villager (Male) |
| 13:12 | Create | Spearman |
| 13:45 | Create | Spearman |
| 13:57 | Build | House |
| 14:06 | Age | Castle Age |
| 14:07 | Build | Monastery |
| 14:12 | Build | Town Center |
| 14:31 | Build | House |
| 14:32 | Build | House |
| 14:37 | Create | Villager (Male) |
| 14:54 | Create | Monk |
| 15:08 | Build | Town Center |
| 15:26 | Create | Villager (Male) |
| 15:28 | Build | Farm |
| 15:31 | Create | Monk |
| 15:46 | Create | Villager (Male) |
| 15:48 | Create | Villager (Male) |
| 15:49 | Build | Farm |
| 15:52 | Build | Farm |
| 16:06 | Create | Villager (Male) |
| 16:06 | Create | Villager (Male) |
| 16:07 | Create | Villager (Male) |
| 16:09 | Build | House |
| 16:21 | Create | Monk |
| 16:31 | Create | Villager (Male) |
| 16:43 | Build | House |
| 16:44 | Create | Villager (Male) |
| 16:44 | Create | Villager (Male) |
| 16:47 | Build | Farm |
| 16:50 | Build | Farm |
| 16:52 | Build | Farm |
| 16:53 | Build | Farm |
| 17:00 | Build | Farm |
| 17:03 | Build | Farm |
| 17:13 | Build | Farm |
| 17:17 | Build | Farm |
| 17:19 | Build | House |
| 17:21 | Create | Monk |
| 17:49 | Build | House |
| 17:49 | Build | House |
| 17:50 | Create | Villager (Male) |
| 17:51 | Create | Villager (Male) |
| 17:51 | Create | Villager (Male) |
| 17:59 | Build | Farm |
| 18:01 | Build | Farm |
| 18:05 | Build | Farm |
| 18:07 | Build | Farm |
| 18:12 | Build | Farm |
| 18:13 | Build | Farm |
| 18:14 | Create | Villager (Male) |
| 18:15 | Create | Villager (Male) |
| 18:23 | Build | Farm |
| 18:26 | Build | Farm |
| 18:27 | Create | Villager (Male) |
| 18:30 | Build | Farm |
| 18:42 | Create | Monk |
| 18:49 | Build | Farm |
| 18:55 | Build | Farm |
| 18:56 | Create | Villager (Male) |
| 18:56 | Create | Villager (Male) |
| 18:56 | Create | Villager (Male) |
| 19:09 | Build | Farm |
| 19:11 | Create | Villager (Male) |
| 19:13 | Create | Villager (Male) |
| 19:14 | Create | Villager (Male) |
| 19:15 | Create | Villager (Male) |
| 19:19 | Build | House |
| 19:30 | Create | Villager (Male) |
| 19:31 | Create | Villager (Male) |
| 19:49 | Create | Villager (Male) |
| 19:49 | Create | Villager (Male) |
| 19:49 | Create | Villager (Male) |
| 19:52 | Create | Monk |
| 19:58 | Create | Villager (Male) |
| 19:59 | Create | Villager (Male) |
| 19:59 | Create | Villager (Male) |
| 20:26 | Create | Villager (Male) |
| 20:27 | Create | Villager (Male) |
| 20:27 | Create | Villager (Male) |
| 20:28 | Build | House |
| 20:29 | Build | House |
| 20:30 | Create | Villager (Male) |
| 20:35 | Build | Mining Camp |
| 20:42 | Build | Mill |
| 20:44 | Build | Farm |
| 21:05 | Create | Villager (Male) |
| 21:05 | Create | Villager (Male) |
| 21:05 | Create | Villager (Male) |
| 21:08 | Create | Villager (Male) |
| 21:08 | Create | Villager (Male) |
| 21:16 | Build | Town Center |
| 21:20 | Build | Farm |
| 21:21 | Create | Villager (Male) |
| 21:22 | Create | Villager (Male) |
| 21:27 | Build | Farm |
| 21:29 | Build | Farm |
| 21:32 | Build | Farm |
| 21:34 | Build | Farm |
| 21:36 | Create | Villager (Male) |
Build order — 7777777
First 150 of 465 actions detected
| 0:07 | Create | Villager (Male) ×4 |
| 0:07 | Create | Villager (Male) ×4 |
| 0:07 | Create | Villager (Male) ×4 |
| 0:17 | Build | House |
| 0:20 | Build | House |
| 0:38 | Research | Loom |
| 0:39 | Create | Villager (Male) |
| 0:40 | Create | Villager (Male) |
| 0:40 | Create | Villager (Male) |
| 0:41 | Create | Villager (Male) |
| 1:50 | Create | Villager (Male) |
| 1:50 | Create | Villager (Male) |
| 2:13 | Create | Villager (Male) |
| 2:13 | Create | Villager (Male) |
| 2:37 | Create | Villager (Male) |
| 2:37 | Create | Villager (Male) |
| 2:47 | Build | House |
| 2:48 | Build | House |
| 2:50 | Build | House |
| 2:59 | Create | Villager (Male) |
| 2:59 | Create | Villager (Male) |
| 3:08 | Create | Villager (Male) |
| 3:08 | Create | Villager (Male) |
| 3:26 | Build | Lumber Camp |
| 3:45 | Create | Villager (Male) |
| 3:45 | Create | Villager (Male) |
| 4:06 | Build | House |
| 4:29 | Create | Villager (Male) |
| 4:52 | Create | Villager (Male) |
| 4:53 | Create | Villager (Male) |
| 5:05 | Create | Villager (Male) |
| 5:06 | Create | Villager (Male) |
| 5:26 | Create | Villager (Male) |
| 5:26 | Create | Villager (Male) |
| 5:44 | Build | Mill |
| 6:02 | Create | Villager (Male) |
| 6:02 | Create | Villager (Male) |
| 6:09 | Create | Villager (Male) |
| 6:09 | Create | Villager (Male) |
| 6:35 | Create | Villager (Male) |
| 6:36 | Create | Villager (Male) |
| 6:38 | Create | Villager (Male) |
| 6:38 | Create | Villager (Male) |
| 7:01 | Create | Villager (Male) |
| 7:02 | Create | Villager (Male) |
| 7:36 | Create | Villager (Male) |
| 7:36 | Create | Villager (Male) |
| 7:36 | Create | Villager (Male) |
| 7:59 | Build | Farm |
| 8:19 | Build | Farm |
| 8:28 | Create | Villager (Male) |
| 8:28 | Create | Villager (Male) |
| 8:45 | Create | Villager (Male) |
| 8:47 | Build | Farm |
| 9:07 | Build | Mining Camp |
| 9:14 | Research | Feudal Age |
| 10:07 | Build | Farm |
| 10:39 | Build | Farm |
| 11:26 | Build | House |
| 11:39 | Age | Feudal Age |
| 11:46 | Build | Market |
| 11:50 | Build | Blacksmith |
| 11:53 | Create | Villager (Male) |
| 11:53 | Create | Villager (Male) |
| 12:35 | Research | Castle Age |
| 12:44 | Build | House |
| 12:51 | Build | Mining Camp |
| 13:07 | Research | Gold Mining |
| 13:50 | Build | Mining Camp |
| 14:04 | Build | Farm |
| 14:11 | Build | Farm |
| 14:18 | Research | Loom |
| 14:50 | Research | Double-Bit Axe |
| 15:19 | Create | Villager (Male) |
| 15:19 | Create | Villager (Male) |
| 15:23 | Age | Castle Age |
| 15:35 | Create | Villager (Male) |
| 15:36 | Create | Villager (Male) |
| 16:30 | Create | Villager (Male) |
| 16:30 | Create | Villager (Male) |
| 16:52 | Build | Castle |
| 17:01 | Create | Villager (Male) |
| 17:01 | Create | Villager (Male) |
| 17:13 | Build | Castle |
| 17:26 | Create | Villager (Male) |
| 17:26 | Create | Villager (Male) |
| 18:06 | Create | Villager (Male) |
| 18:07 | Create | Villager (Male) |
| 18:19 | Create | Villager (Male) |
| 18:19 | Create | Villager (Male) |
| 18:29 | Create | Janissary |
| 18:36 | Build | Mining Camp |
| 18:41 | Build | House |
| 18:42 | Build | House |
| 19:29 | Build | Mining Camp |
| 19:34 | Create | Janissary ×2 |
| 19:37 | Create | Villager (Male) |
| 19:38 | Create | Villager (Male) |
| 19:40 | Build | Farm |
| 19:41 | Build | Farm |
| 19:49 | Build | Farm |
| 19:51 | Build | Farm |
| 19:52 | Build | Farm |
| 19:56 | Build | Farm |
| 20:00 | Build | Farm |
| 20:30 | Create | Villager (Male) |
| 20:30 | Create | Villager (Male) |
| 20:30 | Create | Villager (Male) |
| 20:39 | Create | Janissary |
| 20:52 | Create | Janissary |
| 20:52 | Create | Janissary |
| 20:55 | Create | Villager (Male) |
| 20:55 | Create | Villager (Male) |
| 21:10 | Create | Petard |
| 21:10 | Create | Petard |
| 21:57 | Create | Janissary |
| 21:57 | Create | Janissary |
| 21:57 | Create | Janissary |
| 22:03 | Create | Petard |
| 22:03 | Create | Petard |
| 22:14 | Create | Villager (Male) |
| 22:15 | Create | Villager (Male) |
| 22:35 | Build | Town Center |
| 22:38 | Create | Villager (Male) |
| 22:38 | Create | Villager (Male) |
| 22:57 | Create | Petard |
| 23:59 | Create | Villager (Male) |
| 23:59 | Create | Villager (Male) |
| 23:59 | Create | Villager (Male) |
| 24:05 | Build | Farm |
| 24:07 | Build | Farm |
| 24:40 | Create | Villager (Male) |
| 24:40 | Create | Villager (Male) |
| 24:41 | Create | Villager (Male) |
| 24:41 | Create | Villager (Male) |
| 24:49 | Build | Farm |
| 24:51 | Build | Farm |
| 24:54 | Build | Farm |
| 25:00 | Research | Bow Saw |
| 25:16 | Create | Janissary ×2 |
| 26:18 | Build | Barracks |
| 26:21 | Create | Villager (Male) |
| 26:21 | Create | Villager (Male) |
| 26:21 | Create | Villager (Male) |
| 26:27 | Build | House |
| 26:27 | Build | House |
| 26:28 | Build | House |
| 26:30 | Build | House |
| 26:31 | Build | House |
| 26:33 | Build | House |
Build order — a506b8123il
First 150 of 483 actions detected
| 0:03 | Create | Villager (Male) |
| 0:03 | Create | Villager (Male) |
| 0:06 | Build | House |
| 0:38 | Create | Villager (Male) |
| 0:38 | Create | Villager (Male) |
| 0:38 | Create | Villager (Male) |
| 1:12 | Build | House |
| 1:15 | Build | House |
| 1:32 | Build | House |
| 1:39 | Build | Mill |
| 1:43 | Create | Villager (Male) |
| 1:44 | Create | Villager (Male) |
| 2:15 | Create | Villager (Male) |
| 2:15 | Create | Villager (Male) |
| 2:36 | Create | Villager (Male) |
| 2:36 | Create | Villager (Male) |
| 3:10 | Create | Villager (Male) |
| 3:11 | Create | Villager (Male) |
| 3:11 | Create | Villager (Male) |
| 3:17 | Create | Villager (Male) |
| 3:18 | Create | Villager (Male) |
| 4:02 | Create | Villager (Male) |
| 4:02 | Create | Villager (Male) |
| 4:02 | Create | Villager (Male) |
| 4:24 | Create | Villager (Male) |
| 4:24 | Create | Villager (Male) |
| 4:48 | Create | Villager (Male) |
| 4:49 | Create | Villager (Male) |
| 4:58 | Create | Villager (Male) |
| 4:58 | Create | Villager (Male) |
| 4:58 | Create | Villager (Male) |
| 5:17 | Create | Villager (Male) |
| 5:17 | Create | Villager (Male) |
| 5:27 | Build | Lumber Camp |
| 6:20 | Create | Villager (Male) |
| 6:20 | Create | Villager (Male) |
| 7:53 | Research | Feudal Age |
| 8:13 | Build | House |
| 8:19 | Build | House |
| 8:24 | Build | Farm |
| 8:38 | Build | Farm |
| 9:27 | Build | Farm |
| 9:36 | Build | Farm |
| 9:40 | Build | Farm |
| 9:50 | Create | Villager (Male) |
| 9:50 | Create | Villager (Male) |
| 10:03 | Age | Feudal Age |
| 10:09 | Build | Farm |
| 10:11 | Create | Villager (Male) |
| 10:20 | Create | Villager (Male) |
| 10:29 | Research | Double-Bit Axe |
| 10:31 | Create | Villager (Male) |
| 11:28 | Build | Market |
| 11:38 | Create | Villager (Male) |
| 11:38 | Create | Villager (Male) |
| 11:50 | Create | Villager (Male) |
| 12:05 | Build | Blacksmith |
| 12:24 | Build | Farm |
| 12:51 | Build | Mining Camp |
| 12:59 | Create | Villager (Male) |
| 13:02 | Build | Farm |
| 13:10 | Create | Villager (Male) |
| 13:51 | Research | Castle Age |
| 14:04 | Build | Mining Camp |
| 14:13 | Build | Outpost |
| 14:20 | Build | House |
| 14:33 | Research | Stone Mining |
| 14:57 | Research | Horse Collar |
| 14:57 | Research | Horse Collar |
| 15:48 | Research | Gold Mining |
| 16:10 | Build | Stone Wall |
| 16:13 | Build | Gate |
| 16:22 | Research | Loom |
| 16:23 | Create | Villager (Male) |
| 16:23 | Create | Villager (Male) |
| 16:31 | Age | Castle Age |
| 16:51 | Build | Siege Workshop |
| 17:03 | Create | Villager (Male) |
| 17:15 | Build | Stone Wall |
| 17:22 | Build | Gate |
| 17:23 | Create | Mangonel |
| 17:34 | Build | Stone Wall |
| 17:46 | Create | Mangonel |
| 17:50 | Create | Villager (Male) |
| 18:01 | Create | Mangonel |
| 18:08 | Create | Villager (Male) |
| 18:24 | Create | Battering Ram |
| 18:24 | Create | Battering Ram |
| 18:43 | Build | House |
| 18:50 | Create | Villager (Male) |
| 19:26 | Build | Barracks |
| 19:29 | Create | Villager (Male) |
| 19:33 | Build | Farm |
| 19:39 | Build | House |
| 19:58 | Create | Villager (Male) |
| 20:00 | Build | Farm |
| 20:18 | Create | Battering Ram |
| 20:25 | Create | Scorpion |
| 20:25 | Create | Scorpion |
| 20:28 | Create | Militia |
| 20:28 | Create | Militia |
| 20:32 | Build | House |
| 20:34 | Create | Villager (Male) |
| 20:41 | Build | Farm |
| 20:43 | Build | Farm |
| 20:52 | Research | Man-at-Arms (upgrade) |
| 21:10 | Create | Scorpion |
| 21:21 | Build | Barracks |
| 21:24 | Create | Militia |
| 21:24 | Create | Militia |
| 21:30 | Create | Villager (Male) |
| 21:30 | Create | Villager (Male) |
| 21:32 | Build | Lumber Camp |
| 21:43 | Build | Farm |
| 21:49 | Build | Farm |
| 21:59 | Create | Militia |
| 21:59 | Create | Militia |
| 22:06 | Build | House |
| 22:13 | Create | Villager (Male) |
| 22:13 | Create | Villager (Male) |
| 22:18 | Build | Farm |
| 22:32 | Build | Lumber Camp |
| 22:42 | Build | Farm |
| 22:47 | Create | Militia |
| 22:47 | Create | Militia |
| 22:47 | Create | Militia |
| 22:51 | Build | House |
| 22:52 | Build | House |
| 22:56 | Create | Villager (Male) |
| 22:58 | Build | Farm |
| 23:06 | Create | Scorpion |
| 23:14 | Build | Farm |
| 23:28 | Create | Spearman |
| 23:28 | Create | Spearman |
| 23:30 | Create | Villager (Male) |
| 23:30 | Create | Villager (Male) |
| 23:35 | Build | Farm |
| 23:46 | Build | House |
| 23:53 | Create | Militia |
| 23:53 | Create | Militia |
| 24:01 | Create | Battering Ram |
| 24:03 | Create | Villager (Male) |
| 24:04 | Create | Villager (Male) |
| 24:10 | Build | Farm |
| 24:15 | Build | Farm |
| 24:24 | Build | House |
| 24:30 | Create | Militia |
| 24:30 | Create | Militia |
| 24:36 | Create | Villager (Male) |
| 24:37 | Create | Villager (Male) |
Match timeline
| 9:19 | BIG POPPA · first_building Barracks |
| 10:03 | a506b8123il · age_up feudal |
| 10:31 | BIG POPPA · age_up feudal |
| 10:39 | Wintergaming · age_up feudal |
| 10:41 | kiddingfff · age_up feudal |
| 11:02 | mattestin · age_up feudal |
| 11:21 | O12 · age_up feudal |
| 11:39 | 7777777 · age_up feudal |
| 11:58 | Wintergaming · first_market_buy 100 food |
| 12:00 | Wintergaming · first_market_sell 100 wood |
| 13:40 | 墨o逍遙 · age_up feudal |
| 13:48 | a506b8123il · first_market_sell 100 wood |
| 14:06 | BIG POPPA · age_up castle |
| 14:07 | BIG POPPA · first_building Monastery |
| 14:47 | Wintergaming · age_up castle |
| 14:57 | O12 · age_up castle |
| 15:07 | O12 · first_building Castle |
| 15:15 | mattestin · age_up castle |
| 15:23 | 7777777 · age_up castle |
| 16:10 | a506b8123il · wall_segment Stone Wall x3 |
| 16:31 | a506b8123il · age_up castle |
| 16:51 | a506b8123il · first_building Siege Workshop |
| 16:52 | 7777777 · first_building Castle |
| 16:54 | kiddingfff · age_up castle |
| 17:15 | a506b8123il · wall_segment Stone Wall x6 |
| 17:28 | Wintergaming · first_building Barracks |
| 17:34 | a506b8123il · wall_segment Stone Wall x1 |
| 17:35 | 墨o逍遙 · age_up castle |
| 17:40 | kiddingfff · first_building Monastery |
| 18:17 | mattestin · first_building Barracks |
| 19:16 | 墨o逍遙 · first_building Castle |
| 19:25 | mattestin · first_building Archery Range |
| 19:26 | a506b8123il · first_building Barracks |
| 19:35 | O12 · first_building Barracks |
| 19:38 | Wintergaming · first_building Siege Workshop |
| 20:12 | mattestin · wall_segment Stone Wall x8 |
| 20:17 | mattestin · wall_segment Stone Wall x6 |
| 20:28 | mattestin · wall_segment Stone Wall x1 |
| 20:35 | mattestin · wall_segment Stone Wall x1 |
| 20:38 | mattestin · wall_segment Stone Wall x1 |
| 20:38 | O12 · first_building Stable |
| 20:39 | mattestin · wall_segment Stone Wall x1 |
| 20:40 | mattestin · wall_segment Stone Wall x1 |
| 20:42 | mattestin · wall_segment Stone Wall x1 |
| 20:42 | Wintergaming · first_building Stable |
| 20:42 | mattestin · wall_segment Stone Wall x1 |
| 20:44 | mattestin · wall_segment Stone Wall x1 |
| 21:02 | Wintergaming · wall_segment Palisade Wall x1 |
| 21:14 | BIG POPPA · first_market_buy 100 stone |
| 21:17 | a506b8123il · first_market_buy 100 wood |
| 21:50 | mattestin · wall_segment Stone Wall x1 |
| 21:53 | mattestin · wall_segment Stone Wall x1 |
| 22:29 | BIG POPPA · first_building Stable |
| 24:26 | kiddingfff · first_building Barracks |
| 25:03 | 墨o逍遙 · first_building Siege Workshop |
| 25:24 | mattestin · wall_segment Stone Wall x1 |
| 26:04 | mattestin · first_building Castle |
| 26:14 | O12 · first_market_sell 100 food |
| 26:18 | 7777777 · first_building Barracks |
| 26:31 | a506b8123il · wall_segment Stone Wall x1 |
| 26:38 | kiddingfff · first_building Castle |
| 27:09 | O12 · first_market_buy 100 stone |
| 27:23 | 7777777 · first_building Stable |
| 27:32 | 墨o逍遙 · first_building Barracks |
| 27:50 | Wintergaming · wall_segment Stone Wall x1 |
| 27:52 | Wintergaming · wall_segment Stone Wall x1 |
| 28:01 | Wintergaming · first_building Castle |
| 28:40 | kiddingfff · first_building Stable |
| 29:34 | kiddingfff · first_market_sell 100 food |
| 29:41 | 墨o逍遙 · first_building Stable |
| 30:00 | mattestin · first_market_sell 100 wood |
| 30:09 | mattestin · age_up imperial |
| 30:18 | 墨o逍遙 · first_building Archery Range |
| 30:19 | BIG POPPA · first_building Castle |
| 30:27 | kiddingfff · age_up imperial |
| 30:32 | mattestin · wall_segment Stone Wall x6 |
| 31:07 | 墨o逍遙 · age_up imperial |
| 32:23 | kiddingfff · first_building Archery Range |
| 32:46 | mattestin · wall_segment Stone Wall x1 |
| 33:38 | BIG POPPA · age_up imperial |
| 34:00 | BIG POPPA · first_market_sell 500 wood |
| 34:55 | O12 · age_up imperial |
| 35:12 | a506b8123il · first_building Castle |
| 35:55 | 7777777 · first_building Archery Range |
| 36:24 | a506b8123il · first_building Archery Range |
| 37:57 | kiddingfff · first_building Siege Workshop |
| 38:15 | mattestin · wall_segment Stone Wall x5 |
| 38:36 | mattestin · wall_segment Stone Wall x8 |
| 38:36 | Wintergaming · age_up imperial |
| 38:41 | a506b8123il · age_up imperial |
| 39:05 | O12 · first_building Siege Workshop |
| 39:32 | BIG POPPA · first_building Archery Range |
| 40:50 | 7777777 · age_up imperial |
| 41:11 | 7777777 · first_building Siege Workshop |
| 43:24 | BIG POPPA · first_building Siege Workshop |
| 43:27 | O12 · first_building Archery Range |
| 43:41 | a506b8123il · first_building Monastery |
| 47:40 | Wintergaming · first_building Archery Range |
| 50:38 | a506b8123il · first_building Stable |
| 54:02 | 墨o逍遙 · resign |
| 56:39 | a506b8123il · wall_segment Stone Wall x1 |
[ AI ANALYSIS · 1 CREDIT ]
What really happened in this match?
Wolo.gg analyzes every decision: build order, eco, micro, common mistakes by bracket. Personalized analysis on WhatsApp or Discord in 30 seconds.
Civ guide
Spanish
Perfil
Jugador #9704298